[Event "Titled Tuesday Blitz October 26 2021"]
[White "Barp, Alberto"]
[Black "Trost, Edvin"]
[WhiteFideId "872555"]
[BlackFideId "1729519"]
[WhiteElo "2229"]
[BlackElo "2026"]
[Result "0-1"]
[Round "07"]
[TimeControl "180+1"]
[Date "2021.10.26"]
[WhiteClock "0:00:10"]
[BlackClock "0:00:05"]

1. d4 Nf6 2. Bg5 c6 3. Nd2 d5 4. c3 Bf5 5. Qb3 Qb6 6. e3 Nbd7 7. Ngf3 e6 8. Be2 Ne4 9. Nxe4 Bxe4 10. O-O Bd6 11. c4 O-O 12. c5 Qxb3 13. axb3 Bc7 14. b4 a6 15. Nd2 Bg6 16. Nb3 e5 17. Na5 Bxa5 18. bxa5 exd4 19. exd4 Rfe8 20. Rfe1 h6 21. Be3 Nf6 22. Ra3 Re7 23. Rb3 Bf5 24. h3 Rae8 25. Rc1 Bc8 26. Bf1 Nd7 27. Ra3 Nf8 28. Raa1 Ng6 29. Re1 Re6 30. g3 Ne7 31. Bd3 Kf8 32. Kg2 Ng6 33. h4 Kg8 34. Kf1 Nf8 35. Kg1 R6e7 36. Bd2 Ne6 37. Bc3 g6 38. f3 Ng7 39. Kf2 Bf5 40. Bf1 h5 41. Rxe7 Rxe7 42. Ra4 Kf8 43. Bd2 Re8 44. Be3 Bc8 45. Ra3 Nf5 46. Rb3 Kg8 47. Rc3 Re6 48. Be2 Rf6 49. Bd1 Ng7 50. Bf4 Re6 51. Re3 Nf5 52. Rxe6 Bxe6 53. Be3 Kf8 54. Bc2 Ng7 55. Bf4 f6 56. Bd6+ Kf7 57. Bd3 Bf5 58. Be2 Bc2 59. g4 Ne6 60. Ke3 Ba4 61. gxh5 gxh5 62. f4 Ng7 63. Bd3 Bd1 64. f5 Bg4 65. Kf4 Ne8 66. Bb8 Ke7 67. b4 Kd7 68. Bf1 Kc8 69. Ba7 Kc7 70. Bb6+ Kc8 71. Bg2 Ng7 72. Bf3 Bxf3 73. Kxf3 Nxf5 74. Kf4 Nxh4 75. Ba7 Ng6+ 76. Kf5 h4 77. Kg4 Ne7 78. Kxh4 Nf5+ 79. Kg4 Nxd4 80. Bb6 Nc2 81. Kf5 Nxb4 82. Kxf6 Na2 83. Ke5 Nc3 84. Kd4 Na4 85. Ke5 Nxb6 86. cxb6 Kd7 87. Kd4 Kd6 0-1


[Site "https://www.chess.com"]

[Event "Titled Tuesday Blitz October 26 2021"]
[White "Baskin, Robert"]
[Black "Zhigalko, Sergei"]
[WhiteFideId "24662402"]
[BlackFideId "13502956"]
[WhiteElo "2521"]
[BlackElo "2662"]
[Result "1-0"]
[Round "07"]
[TimeControl "180+1"]
[Date "2021.10.26"]
[WhiteClock "0:00:09"]
[BlackClock "0:00:08"]

1. e4 c5 2. Nc3 Nc6 3. Bb5 Nd4 4. Nf3 e6 5. O-O a6 6. Bd3 Nxf3+ 7. Qxf3 Qc7 8. b3 Bd6 9. Qh3 Ne7 10. Bb2 Be5 11. f4 Bxf4 12. Rxf4 Qxf4 13. Rf1 Qg5 14. e5 Qxe5 15. Na4 Qg5 16. Nb6 Rb8 17. Nc4 f6 18. Nd6+ Kf8 19. Ne4 Qh6 20. Rxf6+ Qxf6 21. Nxf6 gxf6 22. Bxf6 Rg8 23. Qxh7 Nd5 24. Bg6 Rxg6 25. Qxg6 Nxf6 26. Qxf6+ Ke8 27. Qe5 Ra8 28. Qxc5 b5 29. Qc7 a5 30. h4 Ba6 31. h5 Ke7 32. h6 b4 33. Qe5 d6 34. Qg7+ 1-0


[Site "https://www.chess.com"]

[Event "Titled Tuesday Blitz October 26 2021"]
[White "Begmuratov, Khumoyun"]
[Black "Omariev, Maksim"]
[WhiteFideId "14210207"]
[BlackFideId "4193423"]
[WhiteElo "1948"]
[BlackElo "2521"]
[Result "1-0"]
[Round "07"]
[TimeControl "180+1"]
[Date "2021.10.26"]
[WhiteClock "0:01:05"]
[BlackClock "0:00:06"]

1. e4 c5 2. Nc3 d6 3. g3 Nc6 4. Bg2 g6 5. Nge2 Bg7 6. O-O e6 7. d3 Nge7 8. Be3 Nd4 9. Qd2 Nec6 10. Nd1 Nxe2+ 11. Qxe2 O-O 12. c3 b6 13. f4 d5 14. Nf2 Ba6 15. Rfd1 dxe4 16. Nxe4 Qc7 17. Rd2 Rad8 18. Rad1 Rd7 19. Qf3 Rfd8 20. Nxc5 bxc5 21. Qxc6 Qxc6 22. Bxc6 Rd6 23. Be4 f5 24. Bf3 Rc8 25. Kf2 Kf7 26. h4 h5 27. d4 c4 28. d5 e5 29. fxe5 Bxe5 30. Bf4 Kf6 31. Bg5+ Kf7 32. Re1 Bf6 33. Bf4 Rd7 34. d6 Bb7 35. Bxb7 Rxb7 36. Be5 Bxe5 37. Rxe5 Rd7 38. Kf3 Rc6 39. Red5 Ke6 40. Kf4 Kf6 41. R5d4 a6 42. Rd5 Rb6 43. Ke3 Rc6 44. R5d4 Ke6 45. Re2 Rcxd6 46. Rxc4 Kf6 47. Kf2 Rd2 48. Rc6+ Kf7 49. Rxa6 R7d3 50. Re6 Rxe2+ 51. Rxe2 Rd1 52. b4 Ra1 53. Rb2 Rc1 54. b5 Rxc3 55. b6 Rc8 56. b7 Rb8 57. a4 Ke6 58. a5 Kd6 59. a6 Kc7 60. a7 Rxb7 61. Rc2+ 1-0


[Site "https://www.chess.com"]

[Event "Titled Tuesday Blitz October 26 2021"]
[White "Bluebaum, Matthias"]
[Black "Andreikin, Dmitry"]
[WhiteFideId "24651516"]
[BlackFideId "4158814"]
[WhiteElo "2681"]
[BlackElo "2736"]
[Result "0-1"]
[Round "07"]
[TimeControl "180+1"]
[Date "2021.10.26"]
[WhiteClock "0:00:18"]
[BlackClock "0:00:52"]

1. d4 g6 2. c4 Bg7 3. e4 e6 4. Nc3 Ne7 5. Nf3 O-O 6. h4 d5 7. e5 c5 8. h5 Nbc6 9. Bg5 Qb6 10. Na4 Qa5+ 11. Bd2 Qc7 12. cxd5 exd5 13. Nxc5 Bg4 14. h6 Bh8 15. Be3 Nf5 16. Be2 Bxf3 17. Bxf3 Nxe5 18. Bxd5 Rad8 19. Qb3 Ng4 20. Ne6 Qa5+ 21. Kf1 Nfxe3+ 22. fxe3 fxe6+ 0-1


[Site "https://www.chess.com"]

[Event "Titled Tuesday Blitz October 26 2021"]
[White "Bortnyk, Olexandr"]
[Black "Zheng, Andrew"]
[WhiteFideId "14120828"]
[BlackFideId "2076810"]
[WhiteElo "2723"]
[BlackElo "2175"]
[Result "0-1"]
[Round "07"]
[TimeControl "180+1"]
[Date "2021.10.26"]
[WhiteClock "0:00:03"]
[BlackClock "0:00:12"]

1. e4 c5 2. c3 Nf6 3. e5 Nd5 4. d4 cxd4 5. Nf3 Nc6 6. cxd4 d6 7. Bc4 Nb6 8. Bb5 Bd7 9. e6 Bxe6 10. Nc3 Bd7 11. O-O d5 12. Re1 e6 13. Ng5 Be7 14. Qh5 g6 15. Qh6 Nxd4 16. Qg7 Rf8 17. Bxd7+ Nxd7 18. Qxd4 Bxg5 19. Bxg5 Qxg5 20. Nxd5 Rd8 21. Rad1 Nb6 22. Nc7+ Ke7 23. Qb4+ Kf6 24. h4 Qf5 25. Qc3+ Ke7 26. Qa3+ Kf6 27. Qxa7 Nc4 28. Qxb7 Ne5 29. Rxd8 Rxd8 30. Qb3 Nd3 31. Qc3+ e5 32. Re2 Nf4 33. Re1 Nd3 34. Rf1 Nf4 35. g3 Ne2+ 36. Kg2 Nxc3 37. bxc3 Qe4+ 38. Kg1 Qc4 0-1


[Site "https://www.chess.com"]

[Event "Titled Tuesday Blitz October 26 2021"]
[White "Bressac, Stephane"]
[Black "Abarca Gonzalez, Nicolas"]
[WhiteFideId "655945"]
[BlackFideId "3409422"]
[WhiteElo "2321"]
[BlackElo "2504"]
[Result "0-1"]
[Round "07"]
[TimeControl "180+1"]
[Date "2021.10.26"]
[WhiteClock "0:00:02"]
[BlackClock "0:00:06"]

1. e4 c5 2. Nf3 d6 3. Bb5+ Bd7 4. Bxd7+ Qxd7 5. c4 Nc6 6. d4 cxd4 7. Nxd4 g6 8. b3 Bg7 9. Bb2 Nf6 10. Nc3 O-O 11. O-O Rfd8 12. Nxc6 bxc6 13. Qe2 Qb7 14. Na4 e5 15. Rad1 c5 16. Rd3 Qxe4 17. Qxe4 Nxe4 18. Rfd1 f5 19. f3 Ng5 20. Rxd6 Rxd6 21. Rxd6 e4 22. Bxg7 Kxg7 23. f4 Nf7 24. Rd7 Rd8 25. Rxd8 Nxd8 26. Nxc5 Kf6 27. Kf2 Ke7 28. Ke3 Kd6 29. Na4 Nc6 30. h3 Nb4 31. Nc3 a6 32. g4 Nc2+ 33. Kd2 Nd4 34. gxf5 gxf5 35. Ke3 Nc2+ 36. Kd2 Nd4 37. Nd1 Kc5 38. Ne3 Kb4 39. Nd5+ Ka3 40. b4 Kxa2 41. c5 Kb3 42. Ke3 Nc6 43. Kd2 Kc4 44. Ne3+ Kxb4 45. Nxf5 Kxc5 46. Ke3 a5 47. Kxe4 a4 48. Ne3 Nb4 49. Nd1 Nd5 50. Nf2 Nb4 51. Nd1 Nd5 52. Nf2 a3 53. Nd3+ Kc4 54. Nc1 Nc3+ 55. Ke5 Ne2 56. Nxe2 a2 57. f5 a1=Q+ 58. Kf4 Qf1+ 59. Ke3 Qxf5 60. h4 Qe5+ 61. Kf3 Kd3 62. Ng3 Qf6+ 63. Kg4 Ke3 64. Nh5 Qg6+ 65. Kh3 Kf3 66. Nf4 Kxf4 67. h5 Qg4+ 68. Kh2 Kf3 69. h6 Qg2# 0-1


[Site "https://www.chess.com"]

[Event "Titled Tuesday Blitz October 26 2021"]
[White "Costachi, Mihnea"]
[Black "Sadhwani, Raunak"]
[WhiteFideId "1217518"]
[BlackFideId "35093487"]
[WhiteElo "2482"]
[BlackElo "2517"]
[Result "1-0"]
[Round "07"]
[TimeControl "180+1"]
[Date "2021.10.26"]
[WhiteClock "0:00:07"]
[BlackClock "0:00:02"]

1. d4 Nf6 2. c4 g6 3. Nc3 Bg7 4. e4 d6 5. Be2 O-O 6. Bg5 Nbd7 7. Qd2 c6 8. f3 e5 9. d5 Nc5 10. b4 Na6 11. a3 cxd5 12. cxd5 Bd7 13. Bxa6 bxa6 14. Nge2 h6 15. Bxh6 Nxe4 16. Nxe4 Qh4+ 17. g3 Qxh6 18. Qxh6 Bxh6 19. Nxd6 Ba4 20. Nc3 Bc2 21. Ke2 a5 22. h4 f5 23. h5 g5 24. Rhc1 Bb3 25. bxa5 g4 26. Rcb1 gxf3+ 27. Kxf3 e4+ 28. Kg2 Bc2 29. Rb7 Rad8 30. Ndb5 Bg7 31. Rc1 Bd3 32. Nc7 Rd7 33. a6 Rff7 34. Rb8+ Kh7 35. Ne6 Bh6 36. Re1 e3 37. Kf3 Bxa6 38. Nf4 Bg7 39. Na4 Bd4 40. Rb4 Be5 41. Nc5 Rd6 42. Nxa6 Rxa6 43. Rxe3 Bd6 44. Rc4 Rxa3 45. Rxa3 Bxa3 46. Ne6 Kh6 47. Nf4 Bd6 48. Rc6 Rf6 49. Ra6 Be5 50. Rxa7 Rd6 51. Ra5 Kg5 52. Rb5 Ra6 53. Nd3 Bd6 54. Ke3 Bxg3 55. Nc5 Ra3+ 56. Ke2 Kxh5 57. Ne6 Bd6 58. Rb6 Be5 59. d6 Ra7 60. Nc5 1-0


[Site "https://www.chess.com"]

[Event "Titled Tuesday Blitz October 26 2021"]
[White "Djordjevic, Vuk"]
[Black "Timofeev, Artyom"]
[WhiteFideId "902098"]
[BlackFideId "4140419"]
[WhiteElo "2463"]
[BlackElo "2591"]
[Result "1/2-1/2"]
[Round "07"]
[TimeControl "180+1"]
[Date "2021.10.26"]
[WhiteClock "0:00:04"]
[BlackClock "0:00:08"]

1. d4 Nf6 2. Bg5 e6 3. e4 h6 4. Bxf6 Qxf6 5. c3 d6 6. Bd3 Qd8 7. f4 c5 8. dxc5 d5 9. exd5 exd5 10. b4 a5 11. Nf3 Be7 12. Nbd2 O-O 13. O-O b6 14. Nb3 a4 15. Nbd4 bxc5 16. bxc5 Bxc5 17. Bc2 Ba6 18. Re1 a3 19. Ne5 Nd7 20. Bb3 Nf6 21. Qf3 Bc4 22. Bxc4 dxc4 23. Rad1 Qd5 24. Qg3 Ne4 25. Qe3 f5 26. Kh1 Rad8 27. h3 Kh7 28. Kh2 Nxc3 29. Qxc3 Bxd4 30. Qxc4 Qxc4 31. Nxc4 Bb2 32. Rxd8 Rxd8 33. Nxb2 axb2 34. Rb1 Rb8 35. a4 Rb4 36. a5 Rxf4 37. a6 Ra4 38. Rxb2 Rxa6 39. Rb4 Ra2 40. Kg3 g5 41. Rb6 Kg7 42. Kf3 Ra3+ 43. Kf2 Rc3 44. Ra6 Rd3 45. Rb6 h5 46. Rc6 h4 47. Rb6 Kf7 48. Ra6 Rd5 49. Kf3 Re5 50. Rb6 Re6 51. Rb5 Kf6 52. Ra5 Rb6 53. Ra3 Rb5 54. Re3 Rb1 55. Rc3 Rf1+ 56. Ke2 Rf4 57. Rc6+ Ke5 58. Rc5+ Kd4 59. Ra5 Re4+ 60. Kf3 Re3+ 61. Kf2 Re5 62. Ra4+ Kd5 63. Ra5+ Ke6 64. Ra4 Re4 65. Ra5 Kf6 66. Kf3 Rb4 67. Ra6+ Ke5 68. Ra5+ Ke6 69. Ra6+ Kf7 70. Ra7+ Kg6 71. Ra5 Rb3+ 72. Kf2 Rc3 73. Rb5 g4 74. hxg4 fxg4 75. Rb4 g3+ 76. Ke2 Kg5 77. Rb5+ Kg4 78. Rb4+ Kg5 79. Rb5+ Kf6 80. Rb4 Rc2+ 81. Kf3 Rf2+ 82. Kg4 Rxg2 83. Kxh4 Kf5 84. Rc4 Rg1 85. Kh3 Kg5 86. Rg4+ Kf5 87. Rxg3 Rxg3+ 88. Kxg3 1/2-1/2


[Site "https://www.chess.com"]

[Event "Titled Tuesday Blitz October 26 2021"]
[White "Gabrielian, Artur"]
[Black "Horobetz, Graham"]
[WhiteFideId "4131002"]
[BlackFideId "2047322"]
[WhiteElo "2489"]
[BlackElo "2570"]
[Result "1-0"]
[Round "07"]
[TimeControl "180+1"]
[Date "2021.10.26"]
[WhiteClock "0:00:11"]
[BlackClock "0:00:02"]

1. e4 c5 2. Nc3 g6 3. d4 cxd4 4. Qxd4 Nf6 5. Be3 Nc6 6. Qd2 d6 7. f3 Bg7 8. Nge2 Bd7 9. Nf4 Rc8 10. h4 h5 11. Nfd5 e6 12. Nxf6+ Bxf6 13. O-O-O Nb4 14. Bd4 O-O 15. Bxf6 Qxf6 16. Kb1 Rfd8 17. a3 Nc6 18. Bb5 Ne5 19. Be2 Be8 20. Qe3 a6 21. g4 hxg4 22. fxg4 Nc4 23. Bxc4 Rxc4 24. h5 Rdc8 25. hxg6 Qxg6 26. Rh6 Qg7 27. Rdh1 Kf8 28. Qd2 Ke7 29. e5 Qxe5 30. Re1 Qd4 31. Nd5+ Kd7 32. Qxd4 Rxd4 33. Nb6+ Kc7 34. Nxc8 Kxc8 35. Rh8 Kd7 36. g5 Rg4 37. Rg8 Ke7 38. c3 Rg2 39. Kc1 e5 40. Rh1 Bd7 41. Rhh8 Bc6 42. Rg7 Ke6 43. Rh6+ Ke7 44. Rf6 Bd5 45. b4 b5 46. Kd1 Rxg5 47. Rfxf7+ Bxf7 48. Rxg5 Kf6 49. Rg1 d5 50. Kd2 e4 51. Ke3 Ke5 52. Rg5+ Kd6 53. Kd4 Be6 54. Re5 Bf7 55. Rg5 Be6 56. Rg6 Ke7 57. Ke5 Bf7 58. Rg3 Be6 59. Rg7+ Bf7 60. Rh7 Kf8 61. Kf6 Bg8 62. Re7 d4 63. cxd4 Bd5 64. Re5 Bc4 65. d5 e3 66. d6 1-0


[Site "https://www.chess.com"]

[Event "Titled Tuesday Blitz October 26 2021"]
[White "Grischuk, Alexander"]
[Black "Demidov, Mikhail"]
[WhiteFideId "4126025"]
[BlackFideId "4197143"]
[WhiteElo "2757"]
[BlackElo "2527"]
[Result "1-0"]
[Round "07"]
[TimeControl "180+1"]
[Date "2021.10.26"]
[WhiteClock "0:00:07"]
[BlackClock "0:01:05"]

1. e4 e6 2. d4 d5 3. e5 c5 4. c3 Ne7 5. Nf3 Nec6 6. Bd3 b6 7. h4 a5 8. h5 h6 9. Kf1 Ba6 10. Kg1 Bxd3 11. Qxd3 Qc8 12. Qd1 Qa6 13. a4 Nd7 14. Rh3 O-O-O 15. Na3 cxd4 16. cxd4 Bxa3 17. Rxa3 Kb7 18. Rg3 Rhg8 19. Rc3 Nb4 20. Be3 Nb8 21. Nd2 N8c6 22. Qf3 Rd7 23. Rg4 Qa8 24. Qg3 Ne7 25. Rxg7 Rxg7 26. Qxg7 Nf5 27. Qg4 Na2 28. Ra3 Nb4 29. Rc3 Na2 30. Ra3 Nb4 31. Nf1 Rc7 32. Rc3 Qe8 33. Rxc7+ Kxc7 34. b3 b5 35. Qd1 Kb6 36. Bf4 Nc6 37. g4 Qg8 38. Kh2 Ncxd4 39. gxf5 Nxf5 40. Ng3 bxa4 41. Nxf5 exf5 42. bxa4 Qd8 43. Qd4+ Ka6 44. Kh3 Qd7 45. Qd3+ Kb6 46. Qb5+ Qxb5 47. axb5 a4 48. Bxh6 a3 49. Bc1 a2 50. Bb2 Kc5 51. h6 d4 52. h7 d3 53. h8=Q d2 54. Qd8 1-0


[Site "https://www.chess.com"]

[Event "Titled Tuesday Blitz October 26 2021"]
[White "Hakobyan, Aram"]
[Black "Gokerkan, Cem Kaan"]
[WhiteFideId "13306677"]
[BlackFideId "6336760"]
[WhiteElo "2557"]
[BlackElo "2382"]
[Result "1-0"]
[Round "07"]
[TimeControl "180+1"]
[Date "2021.10.26"]
[WhiteClock "0:00:34"]
[BlackClock "0:00:05"]

1. e4 c5 2. Nf3 d6 3. Bb5+ Nd7 4. a4 Nf6 5. Nc3 a6 6. Be2 b6 7. d4 cxd4 8. Qxd4 Bb7 9. O-O e6 10. Bg5 Be7 11. Nd2 O-O 12. Rad1 h6 13. Bh4 Nc5 14. b4 e5 15. Qe3 Ne6 16. Nb3 Rc8 17. Bxf6 Bxf6 18. Nd5 Bxd5 19. exd5 Nd4 20. Bxa6 Rxc2 21. Nxd4 exd4 22. Qf3 Qd7 23. a5 bxa5 24. bxa5 Rc3 25. Bd3 Ra8 26. Ra1 Be5 27. a6 g6 28. g3 Kg7 29. Kg2 h5 30. Rfb1 h4 31. gxh4 Qe7 32. Rb7 Rc7 33. Rxc7 Qxc7 34. h5 Qe7 35. h3 Qg5+ 36. Qg4 Qd2 37. Rd1 Qh6 38. hxg6 fxg6 39. Rb1 Kh8 40. Rb7 1-0


[Site "https://www.chess.com"]

[Event "Titled Tuesday Blitz October 26 2021"]
[White "Ibarra Jerez, Jose Carlos"]
[Black "Harshavardhan G B"]
[WhiteFideId "2226332"]
[BlackFideId "25059009"]
[WhiteElo "2626"]
[BlackElo "1825"]
[Result "1-0"]
[Round "07"]
[TimeControl "180+1"]
[Date "2021.10.26"]
[WhiteClock "0:00:09"]
[BlackClock "0:00:56"]

1. d4 Nf6 2. Bf4 d5 3. e3 c5 4. Nf3 Nc6 5. Nbd2 g6 6. h3 Bg7 7. c3 O-O 8. Bd3 Nd7 9. Bg5 b6 10. O-O Bb7 11. Re1 Qc7 12. e4 dxe4 13. Nxe4 cxd4 14. cxd4 Nxd4 15. Nxd4 Bxd4 16. Rc1 Qe5 17. Nf6+ exf6 18. Rxe5 Bxe5 19. Bxg6 hxg6 20. Qxd7 Bxg2 21. Bxf6 Bxf6 22. Kxg2 Bxb2 23. Rc7 a5 24. a4 Rae8 25. Rc4 Re6 26. Rf4 Bf6 27. Qb7 Kg7 28. h4 Rh8 29. Kh3 g5 30. Qg2 Kf8 31. Rg4 Rxh4+ 32. Rxh4 gxh4 33. Qd5 Ke7 34. Kg4 Rd6 35. Qb7+ Ke8 36. Qb8+ Ke7 37. Qc7+ Ke6 38. f4 Be7 39. f5+ Kd5 40. Qxe7 f6 41. Qc7 Rc6 42. Qf7+ Kc5 43. Qb3 Kd4 44. Kxh4 Ke5 45. Kh5 Kd4 46. Kg6 Rd6 47. Qd1+ Ke5 48. Qc2 Kd5 49. Qc3 Rc6 50. Qd3+ Ke5 51. Qb5+ Kd6 52. Kxf6 Kc7+ 53. Kg7 Rc5 54. Qd3 Kc6 55. f6 b5 56. Qxb5+ Rxb5 57. axb5+ Kxb5 58. f7 a4 59. f8=Q Kc4 60. Qa3 Kb5 61. Kf6 Kc4 62. Ke5 Kb5 63. Kd5 Ka5 64. Kc6 Ka6 65. Qxa4# 1-0


[Site "https://www.chess.com"]

[Event "Titled Tuesday Blitz October 26 2021"]
[White "Jobava, Baadur"]
[Black "Shipov, Sergei"]
[WhiteFideId "13601520"]
[BlackFideId "4113624"]
[WhiteElo "2731"]
[BlackElo "2808"]
[Result "1-0"]
[Round "07"]
[TimeControl "180+1"]
[Date "2021.10.26"]
[WhiteClock "0:00:29"]
[BlackClock "0:00:43"]

1. e4 e6 2. d4 d5 3. Nc3 Bb4 4. Ne2 dxe4 5. a3 Be7 6. Nxe4 Nf6 7. Nxf6+ Bxf6 8. Be3 b6 9. Nf4 Bb7 10. Qg4 g6 11. Bb5+ c6 12. Bc4 Qe7 13. O-O-O Nd7 14. Rhe1 O-O-O 15. Kb1 Rhe8 16. Nd3 Qf8 17. f4 Bg7 18. Ne5 Nf6 19. Qf3 Nd5 20. Bf2 f6 21. Nd3 Qd6 22. Bb3 Qd7 23. Qh3 Bh8 24. Re2 Kb8 25. Rde1 Bc8 26. Qf3 Bg7 27. h4 h5 28. Qg3 Rg8 29. Rxe6 Nc7 30. Re7 Qd6 31. Bxg8 Rxg8 32. f5 1-0


[Site "https://www.chess.com"]

[Event "Titled Tuesday Blitz October 26 2021"]
[White "Jones, Gawain C B"]
[Black "Hambleton, Aman"]
[WhiteFideId "409561"]
[BlackFideId "2606577"]
[WhiteElo "2657"]
[BlackElo "2552"]
[Result "1-0"]
[Round "07"]
[TimeControl "180+1"]
[Date "2021.10.26"]
[WhiteClock "0:00:42"]
[BlackClock "0:00:01"]

1. g3 d5 2. Nf3 c6 3. Bg2 Bf5 4. O-O e6 5. c4 Nf6 6. cxd5 exd5 7. Qb3 Qb6 8. d3 Nbd7 9. Nc3 Be7 10. Be3 Bc5 11. Bxc5 Nxc5 12. Qa3 a5 13. e4 dxe4 14. dxe4 Be6 15. e5 Nfd7 16. Ng5 Qb4 17. Nxe6 Nxe6 18. Rfe1 Ndc5 19. f4 Qxa3 20. bxa3 O-O-O 21. Re3 Nd4 22. Rc1 Nce6 23. Ne4 Kc7 24. Nd6 Rd7 25. f5 Ng5 26. h4 f6 27. hxg5 fxe5 28. Nc4 Nxf5 29. Rxe5 Nxg3 30. Kh2 Nh5 31. Bh3 Rf7 32. Rf1 Rhf8 33. Re7+ Rxe7 34. Rxf8 Re2+ 35. Kg1 Rxa2 36. Rc8# 1-0


[Site "https://www.chess.com"]

[Event "Titled Tuesday Blitz October 26 2021"]
[White "Kamsky, Gata"]
[Black "Sonis, Francesco"]
[WhiteFideId "2000024"]
[BlackFideId "895733"]
[WhiteElo "2603"]
[BlackElo "2373"]
[Result "1/2-1/2"]
[Round "07"]
[TimeControl "180+1"]
[Date "2021.10.26"]
[WhiteClock "0:00:19"]
[BlackClock "0:00:17"]

1. g3 d5 2. Bg2 c6 3. b3 Bf5 4. Bb2 e6 5. d3 Nf6 6. e3 Nbd7 7. Nd2 h6 8. h3 Bc5 9. Qe2 Qe7 10. a3 a5 11. f4 Bh7 12. Ngf3 Bd6 13. Ne5 Bc7 14. Nxd7 Nxd7 15. O-O e5 16. f5 f6 17. e4 d4 18. Bf3 Bg8 19. Bh5+ Bf7 20. a4 O-O-O 21. Ba3 Qe8 22. Bxf7 Qxf7 23. Nc4 c5 24. Bc1 b6 25. Bd2 Nb8 26. Rf2 Nc6 27. Raf1 Kb7 28. g4 Rh7 29. Rg2 Rhh8 30. h4 Rh7 31. Kf2 Rdh8 32. Rfg1 Qe8 33. Ke1 Qd7 34. g5 hxg5 35. hxg5 Bd8 36. g6 Rh3 37. Qf2 Be7 38. Rg3 Rh2 39. R3g2 R2h3 40. Kd1 Qd8 41. Qe1 R8h5 42. Rg3 Rh2 43. R3g2 R2h3 44. Kc1 Ka6 45. Na3 Qh8 46. Kb1 R5h4 47. Qe2 Rh5 48. Qd1 R5h4 49. Be1 Rh5 50. Bg3 Qh6 51. Be1 Qh8 52. Bd2 Rh1 53. Rxh1 Rxh1 54. Rg1 Rh2 55. Be1 Qh6 56. Bg3 Rh3 57. Qe2 Qe3 58. Qg2 Qh6 59. Be1 Rh5 60. Bd2 Qh8 61. Qe2 Rh2 62. Qd1 Qh3 1/2-1/2


[Site "https://www.chess.com"]

[Event "Titled Tuesday Blitz October 26 2021"]
[White "Korchmar, Vasiliy"]
[Black "Bacrot, Etienne"]
[WhiteFideId "24131750"]
[BlackFideId "605506"]
[WhiteElo "2370"]
[BlackElo "2673"]
[Result "0-1"]
[Round "07"]
[TimeControl "180+1"]
[Date "2021.10.26"]
[WhiteClock "0:00:02"]
[BlackClock "0:00:24"]

1. e4 e5 2. Nf3 Nc6 3. Nc3 Nf6 4. h3 d6 5. Bc4 h6 6. a4 g5 7. d4 Qe7 8. dxe5 Nxe5 9. Nxe5 Qxe5 10. Be3 Bg7 11. Bd4 Qe7 12. O-O Be6 13. Bxe6 fxe6 14. e5 dxe5 15. Bxe5 O-O 16. Qe2 Rae8 17. Rfe1 Nd5 18. Bxg7 Nf4 19. Qe5 Qxg7 20. Rad1 Rd8 21. Rxd8 Rxd8 22. Qxg7+ Kxg7 23. g3 Nxh3+ 24. Kg2 g4 25. Rxe6 Rd2 26. Re2 Rd7 27. Re4 h5 28. Re5 Kg6 29. Re6+ Kf5 30. Re8 Rd2 31. Re2 Rd7 32. Re8 Ng5 33. Rf8+ Kg6 34. Rg8+ Kf6 35. Rf8+ Kg7 36. Re8 Nf3 37. Re2 Kg6 38. Re6+ Kf5 39. Re8 b6 40. Re2 c5 41. Re8 Rd4 42. Rf8+ Kg6 43. Rg8+ Kh7 44. Ra8 Rd7 45. Re8 Kg6 46. Re6+ Kf7 47. Rh6 Rd2 48. Rh7+ Kg6 49. Rxa7 Rxc2 50. Rd7 Rxb2 51. Rd6+ Kg7 52. Rd7+ Kg6 53. Rd6+ Kf7 54. Rd5 Rc2 55. Ne4 Kg6 56. Rd6+ Kf5 0-1


[Site "https://www.chess.com"]

[Event "Titled Tuesday Blitz October 26 2021"]
[White "Kosteniuk, Alexandra"]
[Black "Lazavik, Denis"]
[WhiteFideId "4128125"]
[BlackFideId "13515110"]
[WhiteElo "2521"]
[BlackElo "2436"]
[Result "1/2-1/2"]
[Round "07"]
[TimeControl "180+1"]
[Date "2021.10.26"]
[WhiteClock "0:00:20"]
[BlackClock "0:00:15"]

1. e4 e5 2. Nf3 Nc6 3. Bc4 Bc5 4. d3 Nf6 5. a4 d6 6. a5 a6 7. c3 h6 8. Nbd2 O-O 9. O-O Re8 10. Re1 Be6 11. b4 Ba7 12. Qb3 Qd7 13. Nf1 Rad8 14. Be3 Bxe3 15. Nxe3 d5 16. exd5 Nxd5 17. Nxd5 Bxd5 18. Bxd5 Qxd5 19. Qxd5 Rxd5 20. d4 e4 21. Nd2 f5 22. Re2 Kf7 23. Rae1 Re7 24. Nc4 Kf6 25. g3 g5 26. Kg2 Rd8 27. f3 exf3+ 28. Kxf3 Rxe2 29. Rxe2 Ne7 30. Ne3 Nc8 31. Nc4 Nd6 32. Nxd6 Rxd6 33. Re3 b5 34. Re5 Rc6 35. Re3 Rc4 36. Ke2 f4 37. gxf4 gxf4 38. Rd3 Kf5 39. Kf3 Rc6 40. d5 Rc4 41. d6 cxd6 42. Rxd6 Rxc3+ 43. Kg2 h5 44. Rxa6 Rb3 45. Ra8 Rb2+ 46. Kf3 Rb3+ 47. Kg2 Rb2+ 48. Kf3 Rb3+ 49. Kg2 1/2-1/2


[Site "https://www.chess.com"]

[Event "Titled Tuesday Blitz October 26 2021"]
[White "Kovalchuk, Alexey"]
[Black "Obregon, Andres Carlos"]
[WhiteFideId "24154385"]
[BlackFideId "111724"]
[WhiteElo "2287"]
[BlackElo "2572"]
[Result "0-1"]
[Round "07"]
[TimeControl "180+1"]
[Date "2021.10.26"]
[WhiteClock "0:00:06"]
[BlackClock "0:00:40"]

1. d4 Nf6 2. c4 e6 3. Nf3 b6 4. g3 Ba6 5. Qa4 Bb7 6. Bg2 c5 7. dxc5 Bxc5 8. O-O O-O 9. Nc3 Be7 10. Rd1 Na6 11. Bf4 Nc5 12. Qc2 Qc8 13. Rac1 Nce4 14. Nxe4 Bxe4 15. Qd2 Qb7 16. Bd6 Bxd6 17. Qxd6 Rac8 18. b3 Rc6 19. Qa3 Rfc8 20. Bf1 Rc5 21. Nd4 a6 22. f3 Bg6 23. e4 h5 24. b4 R5c7 25. c5 bxc5 26. bxc5 Ra8 27. Nb3 a5 28. Qa4 h4 29. Rd4 hxg3 30. hxg3 Nh5 31. Kg2 Qb8 32. g4 Nf4+ 33. Kf2 f6 34. Rcd1 Be8 35. Qc4 a4 36. Nc1 Qa7 37. Nd3 Nxd3+ 38. R1xd3 Rxc5 39. Qb4 Rc2+ 40. Ke1 Rxa2 41. Rd1 Rb8 42. Qc3 a3 43. Bc4 Rab2 44. R4d2 Qg1+ 45. Bf1 d5 46. exd5 Bb5 47. Rd3 0-1


[Site "https://www.chess.com"]

[Event "Titled Tuesday Blitz October 26 2021"]
[White "Le, Tuan Minh"]
[Black "Sviridov, Valery"]
[WhiteFideId "12401153"]
[BlackFideId "4120680"]
[WhiteElo "2450"]
[BlackElo "2454"]
[Result "0-1"]
[Round "07"]
[TimeControl "180+1"]
[Date "2021.10.26"]
[WhiteClock "0:00:01"]
[BlackClock "0:01:18"]

1. d4 g6 2. e4 Bg7 3. Nf3 d6 4. Nc3 a6 5. a4 b6 6. Bc4 e6 7. O-O Bb7 8. Bb3 h6 9. Re1 Nd7 10. Be3 Ne7 11. Qd3 O-O 12. Rad1 Rb8 13. Bc4 Ra8 14. Qd2 g5 15. h3 Ng6 16. Nh2 Kh8 17. Nf1 f5 18. exf5 exf5 19. d5 f4 20. Bd4 Nde5 21. Bb3 f3 22. g4 Bc8 23. Ne3 Nf4 24. Kh2 Bd7 25. Ne4 Qe8 26. Ng3 Qg6 27. Nef5 Bxf5 28. gxf5 Rxf5 29. c3 Rff8 30. Bc2 Qe8 31. Bf5 h5 32. Be6 Qg6 33. Rg1 g4 34. Be3 Nxh3 35. Rh1 Rae8 36. Qc1 Kh7 37. Qb1 Qxb1 38. Rxb1 Kg6 39. b4 Bh6 40. Bd4 Nd3 41. Rhf1 Bf4 0-1


[Site "https://www.chess.com"]

[Event "Titled Tuesday Blitz October 26 2021"]
[White "Maksimovic, Bojan"]
[Black "Carnicelli, Valerio"]
[WhiteFideId "14408120"]
[BlackFideId "856185"]
[WhiteElo "2439"]
[BlackElo "2332"]
[Result "1-0"]
[Round "07"]
[TimeControl "180+1"]
[Date "2021.10.26"]
[WhiteClock "0:00:07"]
[BlackClock "0:00:22"]

1. Nf3 Nf6 2. g3 g6 3. Bg2 Bg7 4. O-O O-O 5. c4 d6 6. d4 Nbd7 7. Nc3 e5 8. e4 c6 9. h3 Qb6 10. c5 dxc5 11. dxe5 Ne8 12. e6 fxe6 13. Ng5 Ne5 14. f4 c4+ 15. Kh2 Nd3 16. e5 Nxb2 17. Qe2 Nd3 18. Be3 Qc7 19. a4 Bd7 20. Qc2 Rd8 21. Nce4 h6 22. Nf3 Nb4 23. Qxc4 Nd5 24. Bc5 Rf7 25. Nd6 Nxd6 26. exd6 Qb8 27. Ne5 Rf6 28. Rae1 b6 29. Ba3 b5 30. axb5 cxb5 31. Qb3 Kh7 32. Nxd7 Rxd7 33. Bb2 Rff7 34. Bxg7 Rxg7 35. Rxe6 Nb6 36. Qxb5 Rxd6 37. Re8 Qc7 38. Qe5 Rd2 39. Qxc7 Rxc7 40. Rfe1 Nd5 41. Kh1 a5 42. Rd8 Rc5 43. Bxd5 g5 44. Be4+ Kg7 45. Rxd2 gxf4 46. gxf4 Rc4 47. Bd5 Rxf4 48. Rg2+ Kf6 49. Kg1 a4 50. Rf2 Kg5 51. Rxf4 Kxf4 52. Kf2 1-0


[Site "https://www.chess.com"]